 Dungeon Crawl Stone Soup version 0.30-a0-125-g51eefa89be (webtiles) character file.

Game seed: 17127589935268402887

54 sanka the Ruffian (level 3, 0/36 HPs)
             Began as a Troll Monk on Sept 18, 2022.
             Slain by an orc wizard
             ... wielding a +0 dagger
              (2 damage)
             ... on level 3 of the Dungeon.
             The game lasted 00:01:38 (1593 turns).

sanka the Ruffian (Troll Monk)                      Turns: 1593, Time: 00:01:38

Health: 0/36       AC:  4    Str: 21    XL:     3   Next: 66%
Magic:  2/2        EV: 10    Int:  6    God:
Gold:   196        SH:  0    Dex: 12    Spells: 2/2 levels left

rFire   . . .      SeeInvis .      - Unarmed
rCold   . . .      Faith    .    (no shield)
rNeg    . . .      Spirit   .    a - +0 robe
rPois   .          Reflect  .    (helmet restricted)
rElec   .          Harm     .    (no cloak)
rCorr   .          Rampage  .    (gloves unavailable)
Will    .....                    (boots unavailable)
Stlth   +.........               (no amulet)
HPRegen 0.92/turn                (no ring)
MPRegen 0.08/turn                q - ring of flight

@: confused, flying
A: large, unfitting armour, claws 3, regeneration 1, shaggy fur 1, tough skin 1
a: no special abilities


You were on level 3 of the Dungeon.
You visited 1 branch of the dungeon, and saw 3 of its levels.

You collected 196 gold pieces.


Innate Abilities, Weirdness & Mutations

You are too large for most types of armour.
You have claws for hands.
Your natural rate of healing is unusually fast.
You are covered in fur. (AC +1)
You have tough skin. (AC +1)


   Skills:
 - Level 2.4 Fighting
 - Level 2.4 Dodging
 - Level 1.0 Stealth
 + Level 4.7 Unarmed Combat


You had 2 spell levels left.
You didn't know any spells.
Your spell library was empty.

Inventory:

Armour
 a - a +0 robe (worn)
 g - a scarf of invisibility
Jewellery
 q - a ring of flight (right claw)
Scrolls
 c - 4 scrolls of identify {unknown}
 d - a scroll of immolation {unknown}
 f - 2 scrolls of noise {unknown}
 i - a scroll of teleportation {unknown}
 j - a scroll of silence {unknown}
 m - a scroll of butterflies {unknown}
 o - a scroll of acquirement {unknown}
 p - a scroll of blinking {unknown}
 s - 2 scrolls of amnesia {unknown}
Potions
 b - a potion of ambrosia
 e - 2 potions of haste {unknown}
 h - a potion of magic {unknown}
 k - 3 potions of curing {unknown}
 l - a potion of cancellation {unknown}
 n - a potion of degeneration {unknown}
 r - 2 potions of heal wounds {unknown}

Dungeon Overview and Level Annotations

Branches:
Dungeon (3/15)

Altars:
Yredelemnul

Shops:
D:1 (

Annotations:
D:3 3 runed translucent doors, asdu's ghost, amateur OpFE

▒......▒.▒ ▒.......
▒.▒..▒...▒▒▒▒ ▒▒▒▒▒▒▒▒
▒▒.▒..▒.▒....▒▒
▒.....▒.▒.▒▒..▒
▒.<▒.▒.▒▒▒.▒▒ ▒....▒.▒
▒..▒ ▒......▒ ▒▒.▒▒▒▒
▒..▒▒▒▒▒▒▒▒▒▒▒....▒▒▒▒▒▒
▒.{ooooT................
▒.▒▒▒▒▒▒▒▒▒▒▒▒▒▒▒.▒▒▒▒▒▒
▒..▒▒▒▒▒ ▒▒.....▒
▒▒▒▒▒.. ▒▒. ▒. ▒. ▒.


You could see an orc priest, 2 orc wizards and an orc.


Message History

The orc wizard points at you and mumbles some strange words.
The magic dart hits you.
The orc wizard gestures wildly while chanting.
The orc wizard flickers and vanishes!
Deactivating autopickup; reactivate with Ctrl-A.
You barely miss the orc wizard.
The orc wizard is heavily wounded.
The orc wizard closely misses you.
You barely miss the orc wizard.
The orc wizard is heavily wounded.
The orc wizard casts a spell at you. The puff of flame hits you!
Unknown command.
You scratch the orc wizard but do no damage.
The orc wizard is heavily wounded.
The orc priest calls upon Beogh to heal the orc wizard.
The orc wizard is healed somewhat.
The orc wizard gestures at you while chanting.
The puff of flame hits you!
* * * LOW HITPOINT WARNING * * *
You claw the orc wizard!
The orc wizard is severely wounded.
The orc priest invokes the aid of Beogh against you.
Beogh smites you!
* * * LOW HITPOINT WARNING * * *
The orc wizard points at you and mumbles some strange words.
You are confused.
You bump into the rock wall.
The orc wizard hits you with a +0 dagger.
You die...

Action                   || total
-------------------------++-------
Melee: Unarmed           ||    96
       Punch             ||     3
 Stab: Sleeping          ||     3
Armor: Robe              ||    18
Dodge: Dodged            ||    37

Levels and vault maps discovered:
D:1:      dpeg_arrival_round_a, layout_loops_ring, serial_shops, shop,
          minmay_misc_feat_cross, minmay_pentomino_x2
D:2:      layout_basic
D:3:      layout_basic, nicolae_yredelemnul_ghost_church,
          hellmonk_ecumenical_altar_leap_of_faith

Notes
Turn   | Place    | Note
-------+----------+-------------------------------------------
     0 | D:1      | sanka the Troll Monk began the quest for the Orb.
     0 | D:1      | Reached XP level 1. HP: 22/22 MP: 0/0
    82 | D:1      | Reached XP level 2. HP: 29/29 MP: 1/1
   312 | D:1      | Reached skill level 4 in Unarmed Combat
   361 | D:1      | Found Ariky's Weapon Shoppe.
   528 | D:1      | Reached XP level 3. HP: 36/36 MP: 2/2
  1427 | D:3      | Found a runed translucent gate.
  1427 | D:3      | Found a runed translucent gate.
  1427 | D:3      | Found a runed translucent gate.
  1427 | D:3      | Noticed asdu's ghost (amateur OpFE)
  1429 | D:3      | Found a basalt altar of Yredelemnul.
  1526 | D:3      | Found a faded altar of an unknown god.
  1592 | D:3      | HP: 1/36 [orc priest/divine providence (15)]
  1593 | D:3      | Slain by an orc wizard

Vanquished Creatures
  An adder zombie (D:3)
  2 worms (D:2)
  A dart slug (D:2)
  3 bats
  6 endoplasms
  A giant cockroach (D:1)
  5 goblins
  3 hobgoblins
  2 jackals (D:1)
  3 kobolds
  3 quokkas (D:1)
  A ball python (D:2)
  A ball python zombie (D:3)
  4 frilled lizards
  4 rats
40 creatures vanquished.
